Map: Mech Depot LE

Players

TRUE

  • Race: Zerg Zerg
  • Spawn Location: 7:00

Neeb - Winner!

  • Race: Protoss Protoss
  • Spawn Location: 1:00

Event: WCS Montreal 2017

VOD

Have the link to the VOD?

Description

Time

  • Played on: Sept. 10, 2017, 11:02 a.m.
  • Length: 10:08

All games in this series

Show
View Real Time Build Order
Export as new Build Order

TRUE Zerg 

Build Orders: Hatch First 

Get SALT Encoding   

  12  0:00  Drone  
  13  0:12  Overlord  
  13  0:16  Drone  
  14  0:30  Drone x2  
  14  0:34  Drone  
  17  0:51  Hatchery  
  17  0:54  Drone  
  17  1:08  Spawning Pool  
  17  1:09  Extractor  
  15  1:12  Drone  
  15  1:16  Drone  
  17  1:19  Drone  
  18  1:27  Drone  
  19  1:53  Hatchery  
  18  1:54  Queen  
  18  2:00  Overlord  
  20  2:02  Zergling x4  
  22  2:10  Metabolic Boost  
  22  2:20  Zergling x2  
  23  2:23  Zergling x2  
  23  2:25  Evolution Chamber  
  23  2:33  Zergling x2  
  24  2:43  Zergling x2  
  25  2:56  Zergling x2  
  26  3:02  Zerg Melee Weapons Level 1  
  26  3:03  Zergling x6  
  26  3:05  Queen  
  29  3:06  Zergling x2  
  29  3:08  Zergling x2  
  33  3:16  Zergling x2  
  34  3:23  Zergling x2  
  34  3:26  Zergling x2  
  31  3:51  Drone x5  
  35  4:18  Drone  
  35  4:27  Overlord  
  35  4:32  Drone  
  35  4:33  Overlord  
  36  4:40  Overlord  
  36  4:44  Queen x2  
  40  4:48  Zergling x8  
  40  4:52  Zergling x6  
  45  5:01  Zerg Missile Weapons Level 1  
  45  5:03  Zergling x10  
  45  5:05  Zergling x2  
  50  5:15  Drone  
  50  5:16  Drone  
  49  5:24  Drone  
  49  5:25  Drone  
  49  5:26  Drone x2  
  52  5:31  Drone x2  
  52  5:34  Drone  
  53  5:39  Drone x4  
  57  5:44  Drone  
  57  5:50  Spore Crawler, Drone  
  56  6:03  Hatchery  
  56  6:07  Overlord  
  56  6:23  Zergling x2  
  56  6:25  Zergling x6  
  53  6:26  Zergling x4  
  53  6:28  Zergling x2  
  53  6:31  Zergling x2  
  53  6:32  Queen  
  53  6:33  Queen  
  53  6:34  Zergling x4  
  53  6:35  Zergling x2  
  53  6:37  Overlord  
  60  6:42  Overlord  
  60  6:45  Overlord  
  60  6:52  Overlord  
  59  6:55  Zergling x6  
  59  6:59  Zergling x2  
  63  7:04  Zergling x2  
  63  7:06  Zergling x4  
  63  7:07  Zergling x6  
  69  7:08  Pneumatized Carapace, Queen  
  69  7:13  Zergling x2  
  69  7:15  Queen  
  72  7:19  Zergling x4  
  72  7:20  Zergling x2  
  77  7:26  Zergling x2  
  77  7:29  Zergling x2  
  79  7:35  Zergling x6  
  75  7:38  Zergling x8  
  75  7:40  Zergling x2  
  75  7:42  Zergling x2  
  80  7:44  Zergling x2  
  80  7:47  Zergling x2  
  80  7:50  Zergling x2  
  78  8:00  Zergling x12  
  78  8:02  Zergling x2  
  70  8:07  Zergling x2  
  70  8:12  Zergling x4  
  71  8:14  Zergling x2  
  71  8:18  Zergling x4  
  68  8:23  Zergling x2  
  64  8:27  Zergling x2  
  64  8:30  Zergling x2  
  65  8:36  Zergling x2  
  65  8:40  Zergling x2  
  64  8:41  Zergling x2  
  64  8:46  Zergling x2  
  61  8:54  Zergling x2  
  59  9:00  Zergling x2  
  58  9:03  Zergling x2  
  58  9:05  Zergling x2  
  58  9:06  Zergling x2  
  58  9:08  Zergling x2  
  55  9:11  Zergling x2  
  55  9:13  Zergling x2  
  55  9:15  Zergling x2  
  55  9:17  Zergling x2  
  53  9:18  Zergling x2  
  53  9:20  Zergling x2  
  53  9:23  Zergling x2  
  50  9:25  Zergling x2  
  50  9:29  Zergling x4  
  50  9:34  Zergling x4  
  50  9:35  Zergling x2  
  50  9:36  Zergling x2  
  54  9:40  Zergling x2  
  54  9:41  Zergling x2  
  54  9:44  Zergling x2  
  54  9:45  Zergling x2  
  58  9:50  Zergling x6  
Show
View Real Time Build Order
Export as new Build Order

Neeb Protoss - Winner!

Build Orders:  

Get SALT Encoding   

  12  0:00  Probe (Chrono Boost)  
  13  0:11  Probe (Chrono Boost)  
  14  0:18  Pylon  
  14  0:22  Probe (Chrono Boost)  
  15  0:36  Probe (Chrono Boost)  
  15  0:39  Forge  
  16  0:47  Probe (Chrono Boost)  
  17  0:55  Pylon  
  17  0:57  Probe (Chrono Boost)  
  18  1:08  Probe (Chrono Boost)  
  19  1:15  Photon Cannon  
  19  1:17  Photon Cannon  
  19  1:19  Probe (Chrono Boost)  
  20  1:30  Gateway  
  20  1:32  Probe (Chrono Boost)  
  21  1:37  Assimilator  
  21  1:42  Probe (Chrono Boost)  
  22  1:53  Probe (Chrono Boost)  
  23  1:55  Pylon  
  23  2:14  Nexus  
  23  2:23  Cybernetics Core  
  23  2:26  Probe (Chrono Boost)  
  24  2:31  Assimilator  
  25  2:40  Photon Cannon  
  24  2:49  Photon Cannon  
  24  2:55  Zealot (Chrono Boost)  
  27  3:02  Mothership Core (Chrono Boost)  
  27  3:05  Warp Gate  
  28  3:21  Adept (Chrono Boost)  
  28  3:22  Photon Cannon  
  30  3:28  Pylon  
  30  3:32  Probe x2  
  32  3:43  Probe (Chrono Boost)  
  32  3:44  Probe (Chrono Boost)  
  32  3:48  Stargate  
  34  3:55  Probe (Chrono Boost)  
  35  3:56  Adept  
  35  3:59  Probe (Chrono Boost)  
  38  4:05  Pylon  
  38  4:07  Probe (Chrono Boost)  
  39  4:10  Probe (Chrono Boost)  
  40  4:17  Probe (Chrono Boost)  
  40  4:20  Pylon  
  40  4:21  Probe (Chrono Boost), Adept (Chrono Boost)  
  44  4:28  Probe  
  43  4:33  Probe  
  43  4:34  Oracle (Chrono Boost)  
  47  4:40  Probe  
  47  4:43  Gateway  
  48  4:52  Probe  
  51  4:53  Gateway  
  51  4:57  Probe  
  49  5:04  Probe  
  49  5:05  Phoenix (Chrono Boost)  
  50  5:09  Probe  
  50  5:11  Twilight Council  
  50  5:16  Probe  
  51  5:21  Probe  
  51  5:27  Assimilator  
  52  5:28  Probe, Pylon  
  52  5:30  Oracle (Chrono Boost)  
  52  5:34  Probe (Chrono Boost)  
  57  5:37  Pylon  
  57  5:44  Pylon  
  57  5:45  Resonating Glaives (Chrono Boost), Pylon  
  57  5:47  Probe x2 (Chrono Boost)  
  59  5:57  Probe x2 (Chrono Boost)  
  61  6:05  Nexus  
  61  6:12  Protoss Ground Weapons Level 1 (Chrono Boost)  
  61  6:13  Adept  
  61  6:16  Adept  
  65  6:19  Probe  
  65  6:20  Probe, Adept  
  65  6:28  Pylon  
  65  6:30  Probe  
  61  6:32  Probe  
  61  6:35  Pylon  
  61  6:38  Adept  
  61  6:39  Assimilator  
  63  6:41  Adept  
  63  6:43  Adept  
  63  6:46  Probe  
  68  6:48  Probe  
  69  6:58  Probe  
  69  7:00  Probe  
  71  7:02  Adept x2  
  71  7:04  Adept  
  77  7:10  Probe  
  77  7:12  Probe  
  79  7:19  Probe  
  79  7:20  Robotics Facility  
  79  7:22  Probe  
  81  7:24  Adept x2  
  81  7:25  Adept  
  81  7:26  Probe  
  88  7:30  Probe  
  88  7:34  Probe  
  88  7:35  Blink  
  90  7:37  Pylon  
  90  7:38  Probe  
  90  7:40  Probe  
  92  7:44  Gateway x2  
  92  7:46  Probe  
  92  7:50  Probe  
  92  7:51  Probe  
  94  7:58  Probe  
  94  8:02  Probe  
  94  8:04  Gateway  
  94  8:05  Probe  
  86  8:06  Gateway  
  86  8:08  Gateway  
  86  8:09  Observer  
  86  8:10  Probe  
  81  8:15  Probe, Sentry x3  
  81  8:18  Assimilator  
  81  8:19  Assimilator  
  85  8:30  Probe x2  
  85  8:31  Immortal (Chrono Boost)  
  89  8:39  Adept x2  
  89  8:40  Adept  
  91  8:45  Probe x2  
  88  8:54  Sentry x2  
  88  9:03  Adept x6  
  90  9:11  Immortal (Chrono Boost)  
  90  9:14  Mothership Core  
  92  9:22  Adept x2  
  95  9:29  Adept  
  95  9:30  Adept x3  
  95  9:31  Adept x2  
  107  9:32  Probe x2  
  107  9:35  Probe  
  110  9:44  Probe  
  111  9:47  Pylon  
  113  10:00  Pylon x2  
  113  10:03  Pylon  
  113  10:04  Pylon  
Tags
 
Add a new tag
Caveats
  • Supply blocks, unpowered buildings, or Contaminate may cause inaccurate times.
  • Supply counts are checked every 10 seconds.